 Dungeon Crawl Stone Soup version 0.21-a0-582-g1b93aee (webtiles) character file.

11 vishdafish the Charmwright (level 2, 21/22 HPs)
             Began as a Demonspawn Skald on Dec 19, 2017.
             Quit the game on level 1 of the Dungeon.
             The game lasted 00:00:24 (393 turns).

vishdafish the Charmwright (Demonspawn Skald)        Turns: 393, Time: 00:00:24

Health: 21/22      AC:  3    Str: 11    XL:     2   Next: 13%
Magic:  4/5        EV: 12    Int: 14    God:
Gold:   0          SH:  0    Dex: 12    Spells: 4/5 levels left

rFire    . . .     SeeInvis .   a - +0 spear
rCold    . . .     Gourm    .   (no shield)
rNeg     . . .     Faith    .   b - +0 leather armour
rPois    .         Spirit   +   (no helmet)
rElec    .         Reflect  .   (no cloak)
rCorr    .         Harm     .   (no gloves)
MR       .....                  (no boots)
Stlth    +.........             (no amulet)
HPRegen  0.07/turn              (no ring)
MPRegen  0.09/turn              (no ring)

@: no status effects
A: magic shield
a: no special abilities


You were on level 1 of the Dungeon.
You were not hungry.

You visited 1 branch of the dungeon, and saw 1 of its levels.

Inventory:

Hand Weapons
 a - a +0 spear (weapon)
Armour
 b - a +0 leather armour (worn)
Jewellery
 h - an uncursed ring of magical power {unknown}
Scrolls
 f - 2 scrolls of teleportation {unknown}
Potions
 e - a potion of curing {unknown}
 g - a potion of brilliance {unknown}
Books
 c - a book of Battle

   Spells                             Type                      Level
   a - Infusion                       Charms                       1
   b - Shroud of Golubria             Charms/Translocation         2
   c - Song of Slaying                Charms                       2
   d - Spectral Weapon                Hexes/Charms                 3
   e - Regeneration                   Charms/Necromancy            3
Comestibles
 d - 2 rations


   Skills:
 + Level 2.0 Fighting
 + Level 1.8 Polearms
 + Level 1.0 Armour
 + Level 2.0 Dodging
 + Level 2.1 Spellcasting
 + Level 2.9 Charms


You had 4 spell levels left.
You knew the following spells:

 Your Spells              Type           Power        Failure   Level  Hunger
a - Infusion              Chrm           #...         10%         1    ##.....


Dungeon Overview and Level Annotations

Branches:
Dungeon (1/15)

Altars:


Innate Abilities, Weirdness & Mutations

When hurt, damage is shared between your health and your magic reserves.


Message History

The giant cockroach bites you.
The giant cockroach bites you but does no damage.
You barely miss the giant cockroach. The giant cockroach closely misses you.
You hit the giant cockroach.
The giant cockroach is almost dead.
The giant cockroach closely misses you.
You closely miss the giant cockroach.
The giant cockroach is almost dead.
The giant cockroach bites you but does no damage.
You hit the giant cockroach but do no damage.
The giant cockroach is almost dead.
The giant cockroach misses you.
The giant cockroach completely misses you.
You hit the giant cockroach.
You kill the giant cockroach!
No target in view!
No target in view!
No target in view!
No target in view!
Are you sure you want to abandon this character and quit the game? (Confirm with "yes".)

#.#.....#..........#
#.#..#.########.#..#
.....#[# ...#..#
##......#####.####..#
.....#.#.....####..##
.###..#..............#
#. #.#.# ########.#
#.###.##.#.##########.#
#.....@..†.............
########.#......[...#.#
#.##########.#.# #.#
#.#.# #.# #.#.# #.#
#.#.# #.# #.#.# #.#
#>#.# #.#


There were no monsters in sight!

Vanquished Creatures
  2 leopard geckos (D:1)
  A bat (D:1)
  A giant cockroach (D:1)
  A goblin (D:1)
  2 frilled lizards (D:1)
  2 rats (D:1)
9 creatures vanquished.

Notes
Turn   | Place    | Note
-------+----------+-------------------------------------------
     0 | D:1      | vishdafish the Demonspawn Skald began the quest for the Orb.
     0 | D:1      | Reached XP level 1. HP: 16/16 MP: 3/3
   357 | D:1      | Gained mutation: When hurt, damage is shared between your health and your magic reserves. [demonic ancestry]
   357 | D:1      | Reached XP level 2. HP: 22/22 MP: 5/5
   381 | D:1      | Reached skill level 1 in Armour
   393 | D:1      | Quit the game

Vault maps used:
D:1:      saegor_arrival_simple_c, minmay_statues_item,
          minmay_tree_intersection, serial_bayou_crossing

Skill      XL: |  1  2 |
---------------+-------+-----
Dodging        | 2 |  2.0
Armour         | 1 |  1.0
Fighting       | |  2.0
Polearms       | |  1.8
Spellcasting   | |  2.1
Charms         | |  2.9

Action                   || total
-------------------------++-------
Melee: Spear             ||    32
Armor: Leather armour    ||     6
Dodge: Dodged            ||    14

Table legend:
 A = Spawn XP
 B = Non-spawn XP
 C = Spawn XP percentage of total XP
 D = Spawn monster count
 E = Non-spawn monster count
 F = Spawn count percentage of total count
 G = Total turns spent on level
                    A         B        C        D         E        F      G
               +---------+---------+-------+---------+---------+-------+---------
         Total |       0 |      16 |   0.0 |       0 |       9 |   0.0 |   393
               +---------+---------+-------+---------+---------+-------+---------
           D:1 |       0 |      16 |   0.0 |       0 |       9 |   0.0 |   393
               +---------+---------+-------+---------+---------+-------+---------
